 Dungeon Crawl Stone Soup version 0.28-a0-1199-gef9e1dbd39 (webtiles) character file.

Game seed: 15703581588341912003

69 Peloso the Skirmisher (level 4, -1/41 HPs)
             Began as a Minotaur Fighter on Dec 19, 2021.
             Slain by a gnoll (4 damage)
             ... on level 3 of the Dungeon.
             The game lasted 00:02:29 (2056 turns).

Peloso the Skirmisher (Minotaur Fighter)            Turns: 2056, Time: 00:02:30

Health: -1/41      AC:  7    Str: 21    XL:     4   Next: 2%
Magic:  3/3        EV:  9    Int:  5    God:
Gold:   114        SH:  4    Dex: 11    Spells: 3/3 levels left

rFire   . . .      SeeInvis .   a - +0 long sword
rCold   . . .      Faith    .   c - +0 buckler
rNeg    . . .      Spirit   .   b - +0 scale mail
rPois   .          Reflect  .   (helmet restricted)
rElec   .          Harm     .   (no cloak)
rCorr   .          Rampage  .   (no gloves)
Will    .....                   (no boots)
Stlth   ..........              (no amulet)
HPRegen 0.13/turn               (no ring)
MPRegen 0.08/turn               (no ring)

@: lethally poisoned (-1 -> -10)
A: horns 2, retaliatory headbutt
a: no special abilities


You were on level 3 of the Dungeon.
You visited 1 branch of the dungeon, and saw 3 of its levels.

You collected 114 gold pieces.

Inventory:

Hand Weapons
 a - a +0 long sword (weapon)
Armour
 b - a +0 scale mail (worn)
 c - a +0 buckler (worn)
Jewellery
 j - a +4 ring of protection
Scrolls
 e - a scroll of magic mapping {unknown}
 f - a scroll of blinking {unknown}
 k - a scroll of fear {unknown}
 l - a scroll of fog {unknown}
 m - 2 scrolls of identify {unknown}
 n - a scroll of enchant armour {unknown}
 p - a scroll of teleportation {unknown}
Potions
 d - a potion of might
 g - a potion of heal wounds {unknown}
 h - a potion of resistance {unknown}
 i - 2 potions of curing {unknown}
 o - a potion of brilliance {unknown}
 q - 2 potions of flight {unknown}


   Skills:
 + Level 4.4 Fighting
 + Level 3.3 Long Blades
 + Level 4.2 Armour
 + Level 0.1 Dodging
 + Level 0.2 Stealth
 + Level 4.2 Shields


You had 3 spell levels left.
You didn't know any spells.
Your spell library was empty.

Dungeon Overview and Level Annotations

Branches:
Dungeon (3/15)

Altars:

Shops:
D:1 =


Innate Abilities, Weirdness & Mutations

You have a pair of horns on your head.
You reflexively headbutt those who attack you in melee.


Message History

You hit the kobold.
You kill the kobold!
Things that are here:
a +0 whip; 4 stones; a kobold corpse A quokka comes into view.
A quokka is nearby!
A quokka is nearby!
You block the quokka's attack.
You slash the quokka!
You kill the quokka!
An orc comes into view. It is wielding a +0 dagger.
The orc shouts!
You hear a shout!
An orc is nearby!
An orc is nearby!
A gnoll comes into view. It is wielding a +0 halberd.
A gnoll comes into view. It is wielding a +0 spear.
The orc hits you but does no damage.
You barely miss the orc.
The gnoll shouts!
Your headbutt misses the orc. The orc hits you with a +0 dagger. x2
You slash the orc!
You kill the orc!
The gnoll closely misses you.
A gnoll comes into view. It is wielding a +1 spear of venom.
The gnoll hits you from afar with a +0 halberd!
You have reached level 4!
You feel stronger. The gnoll hits you with a +0 halberd.
You hit the gnoll but do no damage. The gnoll hits you with a +0 spear.
The gnoll hits you with a +0 halberd!
* * * LOW HITPOINT WARNING * * *
The gnoll hits you from afar with a +1 spear of venom.
* * * LOW HITPOINT WARNING * * *
You are lethally poisoned!
You hit the gnoll but do no damage.
* * * LOW HITPOINT WARNING * * *
You feel very sick. The gnoll hits you but does no damage.
The gnoll hits you from afar with a +1 spear of venom.
You die...

#.# .# # #.#. .##.##
... ..#.. ..###.#.#
...# ......# #...#
g...#### #...#
#g.....# #...#
#@#.##.#####...###
#.g.#.............
#.................
#.##.#.#.............
#......##.#####...###
####......# #...#
#.###### #...# #.#
#...# ##.# ##...###


You could see 3 gnolls.

Vanquished Creatures
  2 adders
  A worm (D:2)
  2 dart slugs
  An orc (D:3)
  6 endoplasms
  2 giant cockroaches
  A goblin (D:2)
  4 hobgoblins
  5 kobolds
  2 quokkas
  4 ball pythons
  3 bats
  4 frilled lizards
  6 rats
43 creatures vanquished.

Notes
Turn   | Place    | Note
-------+----------+-------------------------------------------
     0 | D:1      | Peloso the Minotaur Fighter began the quest for the Orb.
     0 | D:1      | Reached XP level 1. HP: 19/19 MP: 0/0
   187 | D:1      | Reached XP level 2. HP: 27/27 MP: 1/1
   311 | D:1      | Found Rupnemp's Jewellery Shop.
   464 | D:1      | Found a faded altar of an unknown god.
  1095 | D:2      | Reached XP level 3. HP: 33/33 MP: 2/2
  2053 | D:3      | Reached XP level 4. HP: 25/41 MP: 3/3
  2056 | D:3      | Slain by a gnoll

Illustrated notes

Levels and vault maps discovered:
D:1:      eino_arrival_water_star, layout_rooms, serial_shops, shop_fountains,
          hellmonk_ecumenical_altar_pennies_from_heaven
D:2:      layout_basic, minmay_misc_feat_enclosed, kennysheep_doodads,
          grunt_ministairs_9
D:3:      layout_loops_cross, chequers_mini_garden, grunt_decor_fettered,
          corexii_shack

Skill      XL: |  1  2  3 |
---------------+----------+-----
Shields        | 4 |  4.2
Fighting       | 4 |  4.4
Armour         | 4 |  4.2
Long Blades    | 3 |  3.3
Dodging        | |  0.1
Stealth        | |  0.2

Action                   |  1- 3 |  4- 6 || total
-------------------------+-------+-------++-------
Melee: Long sword        |    79 |     2 ||    81
       Headbutt          |     3 |       ||     3
Armor: Scale mail        |    45 |     1 ||    46
Dodge: Dodged            |    44 |       ||    44
Block: Buckler           |    20 |       ||    20

Table legend: (Time is in decaauts)
 A = Elapsed time spent in this place.
 B = Non-inter-level travel time spent in this place.
 C = Inter-level travel time spent in this place.
 D = Time resting spent in this place.
 E = Time spent auto-exploring this place.
 F = Levels seen in this place.
 G = Mean time per level.
                   A        B        C        D        E       F      G
               +--------+--------+--------+--------+--------+-----+--------+
         Total |   2081 |   2041 |     40 |      0 |   1741 |   3 |  693.7 |
       Dungeon |   2081 |   2041 |     40 |      0 |   1741 |   3 |  693.7 |
               +--------+--------+--------+--------+--------+-----+--------+

Top non-repeatable levels by time:
     D:2: 1090 daAuts
     D:1: 724 daAuts
     D:3: 266 daAuts
